 Dungeon Crawl Stone Soup version 0.18.1-48-g4cf74bf (webtiles) character file.

77 grulito the Sneak (level 4, 0/26 HPs)
             Began as a Kobold Assassin on June 26, 2016.
             Slain by an orc wizard
             ... wielding a +0 dagger
              (2 damage)
             ... on level 2 of the Dungeon.
             The game lasted 00:06:05 (2824 turns).

grulito the Sneak (Kobold Assassin)                 Turns: 2824, Time: 00:06:06

Health: 0/26       AC:  3    Str:  9    XL:     4   Next: 60%
Magic:  4/4        EV: 16    Int:  9    God:
Gold:   115        SH:  0    Dex: 18    Spells: 0 memorised, 3 levels left

rFire  . . .     SeeInvis .     a - +2 dagger
rCold  . . .     Gourm    .     c - +0 robe
rNeg   . . .     Faith    .     (shield restricted)
rPois  .         Spirit   .     (no helmet)
rElec  .         Dismiss  .     d - +0 cloak
rCorr  .         Reflect  .     (no gloves)
SustAt .         Harm     .     (no boots)
MR     .....                    (no amulet)
Stlth  +++.......               (no ring)
                                (no ring)

@: slowed, very slow, not resistant to hostile enchantments, fairly stealthy
A: carnivore 3
a: no special abilities


You were on level 2 of the Dungeon.
You were not hungry.

You visited 1 branch of the dungeon, and saw 2 of its levels.

You collected 115 gold pieces.

Inventory:

Hand Weapons
 a - a +2 dagger (weapon)
 b - a +0 blowgun
 l - a +0 short sword
Missiles
 e - 3 poisoned needles
 f - 2 curare-tipped needles
Armour
 c - a +0 robe (worn)
 d - a +0 cloak (worn)
Scrolls
 h - 2 scrolls of remove curse {unknown}
 j - a scroll of blinking {unknown}
 k - 5 scrolls of identify {unknown}
 p - 2 scrolls of fear {unknown}
 q - a scroll of enchant weapon {unknown}
Potions
 i - 2 potions of curing {unknown}
 m - a potion of brilliance {unknown}
 n - a potion of haste {unknown}
 o - a potion of ambrosia {unknown}
Comestibles
 g - a meat ration


   Skills:
 - Level 2.1 Fighting
 + Level 4.6 Short Blades
 - Level 2.1 Throwing
 + Level 3.4 Dodging
 - Level 5.3 Stealth


You had 3 spell levels left.
You didn't know any spells.

Dungeon Overview and Level Annotations

Branches:
Dungeon (2/15)

Altars:
Elyvilon


Innate Abilities, Weirdness & Mutations

You are small and have problems with some larger weapons.
You are carnivorous and can eat meat at any time.


Message History

The orc hits you with a dagger.
You barely miss the orc. The orc completely misses you.
The orc hits you but does no damage.
You hit the orc.
The orc is heavily wounded.
The orc closely misses you. The orc barely misses you.
The orc wizard casts a spell at you. The magic dart hits you!
* * * LOW HITPOINT WARNING * * *
The orc wizard hits you but does no damage.
The orc wizard closely misses you.
The orc wizard points at you and mumbles some strange words.
You feel as though you will be slow longer.
The orc wizard points at you and mumbles some strange words.
The magic dart hits you!
* * * LOW HITPOINT WARNING * * *
The orc completely misses you. The orc barely misses you.
The orc wizard hits you but does no damage.
The orc wizard hits you with a dagger.
You die...

#. #.##.# #.# #. #.##.#
#.# #. #.##.# #.#
#.###.##.# #.#
#...#.##.#### #.#
######...........####.##
#.......................
#.#####>####...###.#####
#@# #...# #.# #.#####o##
#.### #.## ......oo.#
#.# #..## #..#####..#
#.# ###...### #..
####..# #.# #≈≈...≈≈#
#..##.....#
#.###≈..♣..≈#
......###.#
#.##......... ...#.. #.#
#.#...♣._.♣..
......###.#
#.#..........


You could see an orc wizard and 2 orcs.

Vanquished Creatures
  An orc wizard (D:2)
  An adder (D:2)
  A giant gecko (D:1)
  3 bats
  A giant cockroach (D:2)
  5 hobgoblins (D:1)
  2 jackals (D:1)
  3 kobolds
  3 ball pythons
  3 giant newts (D:1)
  9 goblins
  8 rats
40 creatures vanquished.

Notes
Turn   | Place    | Note
--------------------------------------------------------------
     0 | D:1      | grulito the Kobold Assassin began the quest for the Orb.
     0 | D:1      | Reached XP level 1. HP: 12/12 MP: 1/1
   309 | D:1      | Reached XP level 2. HP: 14/17 MP: 2/2
   873 | D:1      | Reached XP level 3. HP: 20/21 MP: 3/3
  2650 | D:2      | Found a white marble altar of Elyvilon.
  2737 | D:2      | Reached XP level 4. HP: 26/26 MP: 4/4
  2824 | D:2      | Slain by an orc wizard

Skill      XL: |  1  2  3  4 |
---------------+-------------+-----
Short Blades   | 3 4 |  4.6
Dodging        | 2 3 |  3.4
Fighting       | |  2.1
Throwing       | |  2.1
Stealth        | |  5.3

Action                   |  1- 3 |  4- 6 || total
-------------------------+-------+-------++-------
Melee: Dagger            |   104 |    11 ||   115
 Fire: Blowgun           |       |     5 ||     5
 Stab: Sleeping          |     9 |     1 ||    10
  Eat: Chunk             |     6 |       ||     6
Armor: Robe              |    13 |     4 ||    17
Dodge: Dodged            |    48 |    14 ||    62
